 Dungeon Crawl Stone Soup version 0.23.2-33-g5129a83184 (webtiles) character file.

Game seed: 8209289755853270200

51683 DorianNounverber the Geomancer (level 14, -7/86 HPs)
             Began as a Gargoyle Earth Elementalist on July 17, 2019.
             Was a High Priest of Vehumet.
             Killed from afar by Roxanne (64 damage)
             ... with a crystal spear
             ... on level 2 of the Snake Pit.
             The game lasted 01:21:50 (22335 turns).

DorianNounverber the Geomancer (GrEE)              Turns: 22335, Time: 01:21:52

Health: -7/86      AC: 19    Str: 15    XL:     14   Next: 60%
Magic:  1/44       EV: 16    Int: 21    God:    Vehumet [*****.]
Gold:   1158       SH:  0    Dex: 14    Spells: 13/35 levels left

rFire    x . .     SeeInvis +   Q - staff of power
rCold    + . .     Gourm    .   (no shield)
rNeg     + . .     Faith    .   t - +1 robe of Spring Thaw {+Blink Dex+4 SInv} (curse)
rPois    ∞         Spirit   .   E - +0 helmet
rElec    +         Reflect  .   C - +0 cloak
rCorr    .         Harm     .   U - +2 pair of gloves {Str+3}
MR       +....                  H - +0 pair of boots
Stlth    ++........             F - amulet of the acrobat
HPRegen  0.24/turn              M - ring of ice
MPRegen  0.29/turn              D - +5 ring of slaying

@: no status effects
A: big wings, negative energy resistance 1, electricity resistance, unbreathing,
petrification resistance, rot immunity, AC +10
a: Fly, Renounce Religion, Evoke Blink


You were on level 2 of the Snake Pit.
You worshipped Vehumet.
Vehumet was extremely pleased with you.
You were not hungry.

You visited 4 branches of the dungeon, and saw 16 of its levels.
You also visited: Ice Cave.

You collected 1158 gold pieces.

Inventory:

Hand Weapons
 r - a +5 short sword
 V - a +5 glaive of freezing
Missiles
 b - 68 stones (quivered)
Armour
 t - the cursed +1 robe of Spring Thaw (worn) {+Blink Dex+4 SInv}
   (You took it off a naga on level 2 of the Lair of Beasts)

   It affects your dexterity (+4).
   It lets you see invisible.
   It lets you blink.
   It has a curse placed upon it.
 x - a +0 shield
 C - a +0 cloak (worn)
 E - a +0 helmet (worn)
 H - a +0 pair of boots (worn)
 L - a +2 robe of magic resistance
 U - a +2 pair of gloves of strength (worn)
Magical Staves
 Q - an uncursed staff of power (weapon)
Jewellery
 h - an uncursed ring of ice
 w - an uncursed ring of protection from fire
 D - a +5 ring of slaying (right hand)
 F - an amulet of the acrobat (around neck)
 M - a ring of ice (left hand)
Wands
 m - a wand of enslavement (15)
 A - a wand of acid (15)
 B - a wand of clouds (8)
 K - a wand of flame (12)
 S - a wand of random effects (21)
 T - a wand of scattershot (6)
Scrolls
 a - 3 scrolls of immolation
 c - a scroll of summoning {unknown}
 j - a scroll of acquirement {unknown}
 k - a scroll of fog
 n - 5 scrolls of teleportation
 o - a scroll of blinking
 q - 3 scrolls of amnesia
 u - 5 scrolls of remove curse
 y - a scroll of holy word {unknown}
 G - a scroll of brand weapon {unknown}
 O - 2 scrolls of fear {unknown}
 P - a scroll of magic mapping {unknown}
 R - a scroll of identify
 Y - a scroll of vulnerability {unknown}
Potions
 e - 6 potions of lignification
 f - a potion of agility
 g - a potion of mutation {unknown}
 i - 2 potions of haste {unknown}
 l - 12 potions of curing
 p - a potion of flight
 s - 2 potions of berserk rage
 z - a potion of brilliance
 I - 3 potions of might
 N - a potion of invisibility
Miscellaneous
 X - a fan of gales
 Z - a phial of floods
Comestibles
 d - 15 rations


   Skills:
 + Level 9.1 Fighting
 + Level 7.1 Dodging
 - Level 2.1 Stealth
 + Level 8.3 Shields
 * Level 11.0 Spellcasting
 + Level 9.0 Conjurations
 - Level 0.7 Transmutations
 + Level 7.0 Fire Magic
 * Level 14.0 Earth Magic
 + Level 7.1 Evocations


You had 13 spell levels left.
You knew the following spells:

 Your Spells              Type           Power        Failure   Level  Hunger
a - Sandblast             Erth           ######       0%          1    None
b - Stone Arrow           Conj/Erth      ######       1%          3    None
c - Lee's Rapid Deconstr  Erth           ######....   1%          5    ####...
d - Blink                 Tloc           N/A          9%          2    None
e - Magic Dart            Conj           ####         1%          1    None
f - Passwall              Tmut/Erth      #####...     1%          2    None
g - Conjure Flame         Conj/Fire      #####...     1%          3    None
h - Fireball              Conj/Fire      #####.....   1%          5    ####...

Your spell library contained the following spells:

 Spells                   Type           Power        Failure   Level  Hunger
 Iskenderun's Mystic Bla  Conj           #####...     1%          4    #......
 Flame Tongue             Conj/Fire      #####        1%          1    None
 Throw Flame              Conj/Fire      #####.       1%          2    None
 Inner Flame              Hex/Fire       ####....     1%          3    None
 Mephitic Cloud           Conj/Pois/Air  ###.....     1%          3    None
 Static Discharge         Conj/Air       ####....     1%          3    None
 Sticky Flame             Conj/Fire      #####...     1%          4    #......
 Petrify                  Tmut/Erth      #####...     2%          4    #......
 Infusion                 Chrm           ##..         6%          1    None
 Lightning Bolt           Conj/Air       ####......   7%          5    ####...
 Call Imp                 Summ           ##......     9%          2    None
 Poisonous Vapours        Pois/Air       ##....       9%          2    None
 Shroud of Golubria       Chrm/Tloc      ##........   9%          2    None
 Slow                     Hex            ##......     9%          2    None
 Song of Slaying          Chrm           ##......     9%          2    None
 Regeneration             Chrm/Necr      ##........   17%         3    None
 Spectral Weapon          Hex/Chrm       ##......     17%         3    None
 Freezing Cloud           Conj/Ice/Air   #####.....   52%         6    ######.
 Shatter                  Erth           ######....   98%         9    #######
 Ignition                 Fire           #####.....   99%         8    #######
 Ring of Flames           Chrm/Fire      ####......   100%        7    #######
 Tornado                  Air            ##........   100%        9    #######


Dungeon Overview and Level Annotations

Branches:
Dungeon (10/15)            Temple (1/1) D:4            Lair (3/6) D:10
  Snake (2/4) Lair:2          Orc (0/2) D:10
  Swamp: Lair:2-4    Shoals: Lair:2-4

Altars:
Ashenzari
Cheibriados
Dithmenos
Elyvilon
Fedhas
Gozag
Hepliaklqana
Kikubaaqudgha
Makhleb
Nemelex Xobeh
Okawaru
Qazlal
Ru
Sif Muna
Trog
Uskayaw
Vehumet
Wu Jian
Xom
Yredelemnul
Zin
The Shining One

Shops:
D:8 :

Annotations:
Snake:2 exclusion: Roxanne, Roxanne


Innate Abilities, Weirdness & Mutations

You are resistant to torment.
Your stone body is resilient. (AC +10)
You are immune to poison.
Your large and strong wings let you fly indefinitely.
You resist negative energy. (rN+)
You are resistant to electric shocks. (rElec)
You can survive without breathing.
You are immune to petrification.
You are immune to rotting.


Message History

Roxanne is almost destroyed.
Casting: Stone Arrow (safe; 1% risk of failure)
Confirm with . or Enter, or press ? or * to list all spells.
Aiming: Stone Arrow (safe; 1% risk of failure)
Press: ? - help, Shift-Dir - straight line, f/p - Roxanne
Aim: Roxanne (almost destroyed)
The stone arrow hits Roxanne!
Roxanne is almost destroyed.
Casting: Stone Arrow (safe; 1% risk of failure)
Confirm with . or Enter, or press ? or * to list all spells.
Aiming: Sandblast (safe; 0% risk of failure)
Press: ? - help, Shift-Dir - straight line, f/p - Roxanne
Aim: Roxanne (almost destroyed)
The blast of sand hits Roxanne but does no damage.
Roxanne is almost destroyed.
b - 68 stones Roxanne casts a spell.
The crystal spear hits you!!!
Ouch! That really hurt!
You die...

##............##)## #
... ##.....[....###..###
... #.........####...#
......#........###.(..#.
......####..##.##.......
.....# #..#####.#...##>
......##.......#.##.....
................##......
.. #..@.............##.
.# ##............#### #
.## #...8........## #
..# #.............####.
..## ##...
..............##...
(.##...#
##..................
##.....#
######................
##......#
#.#####..........†....
##.......#
#...#.###......#......


You could see Roxanne.

Vanquished Creatures
  A nagaraja (Snake:2)
  A frost giant (IceCv)
  Josephine (D:10)
  4 naga warriors
  6 anacondas
  3 two-headed ogres
  A death yak (IceCv)
  4 shock serpents
  3 naga sharpshooters
  4 naga ritualists
  6 mana vipers
  Pikel (D:7)
  2 salamanders
  16 black mambas
  An ice statue (IceCv)
  A guardian serpent (Snake:1)
  A naga mage (Snake:1)
  2 molten gargoyles (Lair:3)
  4 spiny frogs
  A rime drake (Lair:1)
  2 komodo dragons
  10 polar bears (IceCv)
  Grinder (D:6)
  A hornet (D:10)
  Prince Ribbit (D:5)
  2 dream sheep (D:6)
  7 hippogriffs
  5 wraiths
  A basilisk (Lair:2)
  47 yaks
  Menkaure (D:6)
  4 wargs (D:10)
  9 nagas
  4 water moccasins
  5 porcupines
  5 ice beasts
  3 phantoms
  4 orc warriors
  A necrophage (D:8)
  2 sky beasts
  6 ogres
  22 wolves
  4 centaurs
  6 crocodiles
  9 bullfrogs
  5 scorpions
  7 wights
  6 howler monkeys
  5 lava snakes (Lair:3)
  4 crimson imps
  A bullfrog zombie (D:5)
  The ghost of zuik the Firebug, a weakling DEFE (D:4)
  2 jellies
  A quasit (D:9)
  2 centaur zombies
  7 hounds
  An orc priest (D:8)
  2 bullfrog skeletons
  2 centaur skeletons
  Natasha (thrice) (D:3)
  3 iguanas
  6 orc wizards
  5 worker ants
  2 hound zombies
  A hound skeleton (D:4)
  A howler monkey skeleton (D:9)
  8 adders
  7 gnolls
  A shadow imp (D:7)
  An ooze (D:1)
  An adder skeleton (D:4)
  4 worms
  4 dart slugs
  4 leopard geckos
  33 orcs
  3 giant cockroaches
  4 hobgoblins
  11 jackals
  3 kobolds
  3 quokkas
  3 ball pythons
  5 bats
  8 frilled lizards
  11 goblins
  A jackal zombie (D:8)
  A leopard gecko zombie (D:5)
  A quokka skeleton (D:6)
  7 rats
416 creatures vanquished.

Vanquished Creatures (others)
  A polar bear (IceCv)
  3 dream sheep (D:6)
  3 yaks (IceCv)
  2 fungi
9 creatures vanquished.

Grand Total: 425 creatures vanquished

Notes
Turn   | Place    | Note
-------+----------+-------------------------------------------
     0 | D:1      | DorianNounverber the Gargoyle Earth Elementalist began the
                  | quest for the Orb.
     0 | D:1      | Reached XP level 1. HP: 10/10 MP: 3/3
   116 | D:1      | Reached XP level 2. HP: 4/16 MP: 0/5
   397 | D:1      | Reached skill level 4 in Earth Magic
   776 | D:1      | Reached XP level 3. HP: 19/20 MP: 6/6
   781 | D:1      | Learned a level 3 spell: Stone Arrow
  1066 | D:2      | Reached skill level 1 in Fighting
  1228 | D:2      | Reached XP level 4. HP: 3/25 MP: 0/8
  2224 | D:3      | Reached skill level 1 in Conjurations
  2323 | D:3      | Reached XP level 5. HP: 27/29 MP: 0/9
  2340 | D:3      | Learned a level 5 spell: Lee's Rapid Deconstruction
  2518 | D:3      | Found an iron altar of Okawaru.
  2550 | D:3      | Reached skill level 5 in Earth Magic
  2589 | D:3      | Noticed Natasha
  2590 | D:3      | Killed Natasha
  2635 | D:3      | Noticed Natasha
  2638 | D:3      | Killed Natasha
  3065 | D:3      | Noticed Natasha
  3072 | D:3      | Killed Natasha
  3181 | D:4      | Found a sparkling altar of Nemelex Xobeh.
  3195 | D:3      | Reached XP level 6. HP: 32/35 MP: 2/11
  3620 | D:4      | Found a runed translucent gate.
  3620 | D:4      | Found a runed translucent gate.
  3621 | D:4      | Found a runed translucent gate.
  3627 | D:4      | Noticed zuik's ghost (weakling DEFE)
  3762 | D:4      | Reached skill level 1 in Shields
  3764 | D:4      | Reached XP level 7. HP: 35/40 MP: 6/12
  3813 | D:4      | Found an opulent altar of Gozag.
  3826 | D:4      | Learned a level 2 spell: Blink
  3828 | D:4      | Learned a level 1 spell: Magic Dart
  4015 | D:4      | Found a staircase to the Ecumenical Temple.
  4365 | Temple   | Entered the Ecumenical Temple
  4370 | Temple   | Became a worshipper of Vehumet
  4515 | D:4      | Found a shimmering altar of Xom.
  4583 | D:4      | Reached skill level 6 in Earth Magic
  4588 | D:4      | Killed zuik's ghost
  4705 | D:4      | Learned a level 2 spell: Passwall
  4740 | D:5      | Entered Level 5 of the Dungeon
  4757 | D:5      | Found a stormy altar of Qazlal.
  5064 | D:5      | Noticed Prince Ribbit
  5090 | D:5      | Killed Prince Ribbit
  5090 | D:5      | Reached skill level 1 in Evocations
  5090 | D:5      | Reached XP level 8. HP: 23/46 MP: 6/14
  5263 | D:5      | Found a bloodstained altar of Trog.
  5266 | D:5      | Found a glowing golden altar of the Shining One.
  5401 | D:5      | Reached skill level 7 in Earth Magic
  5574 | D:5      | Reached skill level 5 in Spellcasting
  6098 | D:6      | Noticed Grinder
  6104 | D:6      | Killed Grinder
  6197 | D:6      | Reached XP level 9. HP: 52/52 MP: 11/17
  6239 | D:6      | Learned a level 3 spell: Conjure Flame
  6310 | D:6      | Noticed Menkaure
  6316 | D:6      | Killed Menkaure
  6436 | D:6      | Found a shimmering altar of Xom.
  6442 | D:6      | Reached skill level 8 in Earth Magic
  6505 | D:6      | Reached * piety under Vehumet
  6505 | D:6      | Offered knowledge of Shock by Vehumet.
  7487 | D:7      | Reached skill level 1 in Fire Magic
  7691 | D:7      | Noticed Pikel
  7872 | D:7      | Killed Pikel
  7872 | D:7      | Reached XP level 10. HP: 58/58 MP: 16/19
  8182 | D:8      | Noticed a two-headed ogre
  8186 | D:8      | Killed a two-headed ogre
  8186 | D:8      | Reached skill level 5 in Fighting
  8186 | D:8      | Reached skill level 5 in Conjurations
  8186 | D:8      | Reached skill level 9 in Earth Magic
  8276 | D:8      | Found Fist's Book Shoppe.
  8331 | D:8      | You fall through a shaft!
  8366 | D:9      | Noticed a two-headed ogre
  8386 | D:9      | Killed a two-headed ogre
  8410 | D:9      | Offered knowledge of Freeze by Vehumet.
  8535 | D:9      | Reached ** piety under Vehumet
  9612 | D:8      | Offered knowledge of Ignite Poison by Vehumet.
  9636 | D:8      | Reached *** piety under Vehumet
  9636 | D:8      | Reached skill level 10 in Earth Magic
  9950 | D:8      | Reached XP level 11. HP: 60/64 MP: 11/22
  9957 | D:8      | Found a blossoming altar of Fedhas.
 10061 | D:8      | Offered knowledge of Throw Icicle by Vehumet.
 10137 | D:8      | Noticed a two-headed ogre
 10145 | D:8      | Killed a two-headed ogre
 10145 | D:8      | Reached skill level 5 in Dodging
 10368 | D:10     | Entered Level 10 of the Dungeon
 10770 | D:10     | Noticed Josephine
 10778 | D:10     | Killed Josephine
 11117 | D:10     | Reached skill level 5 in Shields
 11151 | D:10     | Found a radiant altar of Vehumet.
 11346 | D:10     | Found a staircase to the Orcish Mines.
 11541 | D:10     | Found a staircase to the Lair.
 11891 | D:10     | Learned a level 5 spell: Fireball
 11892 | Lair:1   | Entered Level 1 of the Lair of Beasts
 12381 | Lair:1   | Reached skill level 11 in Earth Magic
 12654 | Lair:1   | Reached **** piety under Vehumet
 12766 | Lair:1   | Offered knowledge of Static Discharge by Vehumet.
 12766 | Lair:1   | Reached skill level 5 in Evocations
 12923 | Lair:1   | Reached XP level 12. HP: 71/71 MP: 11/24
 13764 | Lair:2   | You fall through a shaft!
 14052 | Lair:3   | Reached ***** piety under Vehumet
 14264 | Lair:3   | Reached skill level 5 in Fire Magic
 14397 | Lair:3   | Found a frozen archway.
 14407 | IceCv    | Entered an ice cave
 14409 | IceCv    | Offered knowledge of Iskenderun's Mystic Blast by Vehumet.
 15398 | IceCv    | Reached skill level 12 in Earth Magic
 15957 | IceCv    | Reached XP level 13. HP: 69/77 MP: 25/26
 16260 | IceCv    | Noticed a frost giant
 16311 | IceCv    | Killed a frost giant
 17457 | Lair:2   | Found a staircase to the Snake Pit.
 17527 | Lair:2   | Identified the cursed +1 robe of Spring Thaw {+Blink Dex+4
                  | SInv}
 18186 | Lair:2   | Reached skill level 10 in Spellcasting
 18512 | Snake:1  | Entered Level 1 of the Snake Pit
 18914 | Snake:1  | Reached skill level 13 in Earth Magic
 19555 | Snake:1  | Gained mutation: Your large and strong wings let you fly
                  | indefinitely. [Gargoyle growth]
 19555 | Snake:1  | Reached XP level 14. HP: 66/84 MP: 26/28
 20377 | Snake:2  | Noticed a nagaraja
 20385 | Snake:1  | HP: 2/84 [naga warrior/+0 hand axe (11)]
 21083 | Snake:2  | Identified Roxanne's Tome of Changing
 21083 | Snake:2  | Noticed Roxanne
 21122 | Snake:2  | Killed a nagaraja
 22035 | Snake:2  | Reached skill level 14 in Earth Magic
 22335 | Snake:2  | Killed from afar by Roxanne

Skill      XL: |  1  2  3  4  5  6  7  8  9 10 11 12 13 14 |
---------------+-------------------------------------------+-----
Earth Magic    | 4 5 6 7 8 10 11 12 13 14 | 14.0
Fighting       | 1 2 3 4 5 6 7 8 9 |  9.1
Dodging        | 2 3 4 5 6 7 |  7.1
Conjurations   | 1 2 3 4 5 6 7 8 9 |  9.0
Spellcasting   | 3 4 5 6 7 8 9 10 11 | 11.0
Shields        | 1 2 3 4 5 6 7 8 |  8.3
Evocations     | 1 2 3 4 5 6 7 |  7.1
Fire Magic     | 1 3 4 5 6 7 |  7.0
Stealth        | |  2.1
Transmutations | |  0.7

Action                   |  1- 3 |  4- 6 |  7- 9 | 10-12 | 13-15 || total
-------------------------+-------+-------+-------+-------+-------++-------
Melee: Hand axe          |    35 |       |       |       |       ||    35
       Unarmed           |     7 |       |       |       |       ||     7
       Club              |    40 |    30 |       |       |       ||    70
       Short sword       |       |    41 |    43 |    50 |       ||   134
       Staff             |       |       |       |     1 |     3 ||     4
 Cast: Sandblast         |    12 |    38 |    46 |   176 |   127 ||   399
       Stone Arrow       |     3 |    21 |    46 |   196 |   185 ||   451
       Magic Dart        |       |       |    63 |   133 |    57 ||   253
       Passwall          |       |       |     1 |       |       ||     1
       Lee's Rapid Decon |       |       |       |    14 |    21 ||    35
       Conjure Flame     |       |       |       |     1 |     4 ||     5
       Fireball          |       |       |       |    10 |     2 ||    12
       Blink             |       |       |       |       |     6 ||     6
Evoke: Wand              |       |       |       |       |     1 ||     1
  Use: Scroll            |       |     8 |       |     3 |       ||    11
       Potion            |       |     1 |       |     2 |     4 ||     7
 Stab: Sleeping          |       |     1 |     1 |       |       ||     2
  Eat: Chunk             |     2 |     7 |     6 |    16 |     6 ||    37
       Ration            |       |     1 |     3 |     4 |     5 ||    13
Armor: Robe              |    22 |    48 |    19 |    68 |    66 ||   223
Dodge: Dodged            |    77 |    89 |    33 |   143 |   106 ||   448
Block: Buckler           |       |    13 |    11 |    40 |       ||    64
